 Dungeon Crawl Stone Soup version 0.23-a0-899-gbbae0a3 (webtiles) character file.

Game seed: 2643419633101800607

12758 Mgcat the Grappler (level 11, 0/105 HPs)
             Began as a Troll Monk on Jan 29, 2019.
             Was an Elder of Qazlal.
             Slain by an ice devil (4 damage)
             ... in an ice cave.
             The game lasted 00:24:45 (9368 turns).

Mgcat the Grappler (Troll Monk)                     Turns: 9368, Time: 00:24:45

Health: 0/105      AC: 12    Str: 28    XL:     11   Next: 66%
Magic:  0/17       EV: 13    Int:  6    God:    Qazlal [****..]
Gold:   788        SH:  5    Dex: 17    Spells: 10/10 levels left

rFire    . . .     SeeInvis .     - Unarmed
rCold    . . .     Gourm    +   (no shield)
rNeg     + . .     Faith    +   a - +1 robe
rPois    .         Spirit   +   q - +2 hat
rElec    .         Reflect  .   c - scarf {Spirit}
rCorr    .         Harm     .   (gloves unavailable)
MR       .....                  (boots unavailable)
Stlth    +.........             n - amulet of faith {Faith, !P}
HPRegen  0.67/turn              h - ring of Kuwusypt {rN+ Str+4 Dex+5}
MPRegen  0.15/turn              w - +3 ring of protection

@: hasted, repel missiles, very quick
A: large, unfitting armour, claws 3, fast metabolism 3, gourmand, regeneration
1, shaggy fur 1, tough skin 3
a: Upheaval, Elemental Force, Renounce Religion


You were in an ice cave.
You worshipped Qazlal.
Qazlal was greatly pleased with you.
You were completely stuffed.

You visited 3 branches of the dungeon, and saw 13 of its levels.
You also visited: Ice Cave.

You collected 788 gold pieces.

Inventory:

Armour
 a - a +1 robe (worn)
 c - a scarf of spirit shield (worn)
   (You found it on level 1 of the Dungeon)
 q - a +2 hat (worn)
   (You found it on level 6 of the Dungeon)
Jewellery
 d - an uncursed ring of resist corrosion
   (You found it on level 7 of the Dungeon)
 h - the ring of Kuwusypt (left claw) {rN+ Str+4 Dex+5}
   (You found it on level 4 of the Dungeon)

   [ring of positive energy]

   It affects your strength (+4).
   It affects your dexterity (+5).
   It protects you from negative energy.
 n - an amulet of faith (around neck) {Faith, !P}
   (You found it on level 6 of the Dungeon)
 w - a +3 ring of protection (right claw)
   (You found it on level 8 of the Dungeon)
 B - an uncursed ring of see invisible {sInv, !d}
   (You found it on level 10 of the Dungeon)
Wands
 m - a wand of flame (48)
   (You found it on level 6 of the Dungeon)
 z - a wand of iceblast (23)
   (You found it on level 9 of the Dungeon)
 D - a wand of paralysis (1)
   (You found it on level 10 of the Dungeon)
Scrolls
 e - a scroll of fog
 i - 3 scrolls of remove curse
 y - 5 scrolls of teleportation
Potions
 f - a potion of flight
 g - 2 potions of agility
 j - a potion of magic {unknown}
 l - a potion of brilliance
 o - 5 potions of curing
 p - a potion of berserk rage {!q}
 s - a potion of resistance {unknown}
 t - 2 potions of lignification {!q}
 v - 2 potions of might {unknown}
 A - a potion of ambrosia {unknown}
 C - a potion of degeneration {unknown}
Comestibles
 b - 17 rations
 k - 3 chunks of flesh {@w0}


   Skills:
 + Level 5.6 Fighting
 + Level 2.2 Armour
 + Level 5.7 Dodging
 - Level 1.0 Stealth
 + Level 12.3 Unarmed Combat
 - Level 10.2 Invocations


You had 10 spell levels left.
You didn't know any spells.
Your spell library contained the following spells:

 Spells                   Type           Power        Failure   Level  Hunger
 Animate Skeleton         Necr           N/A          45%         1    ##.....
 Pain                     Necr           #...         45%         1    ##.....
 Summon Small Mammal      Summ           #...         45%         1    ##.....
 Call Imp                 Summ           #.......     58%         2    ###....
 Call Canine Familiar     Summ           #.......     83%         3    ####...
 Regeneration             Chrm/Necr      #.........   83%         3    ####...
 Summon Guardian Golem    Hex/Summ       #.......     83%         3    ####...
 Vampiric Draining        Necr           #.........   83%         3    ####...
 Animate Dead             Necr           N/A          99%         4    #####..
 Summon Ice Beast         Ice/Summ       #.......     99%         4    #####..
 Summon Lightning Spire   Summ/Air       #.......     99%         4    #####..
 Bolt of Magma            Conj/Fire/Erth #.........   100%        5    ######.
 Iskenderun's Battlesphe  Conj/Chrm      #.......     100%        5    ######.
 Venom Bolt               Conj/Pois      #.........   100%        5    ######.
 Iron Shot                Conj/Erth      #.........   100%        6    #######
 Orb of Destruction       Conj           #.........   100%        7    #######
 Spellforged Servitor     Conj/Summ      #.........   100%        7    #######


Dungeon Overview and Level Annotations

Branches:
Dungeon (11/15)            Temple (1/1) D:7             Orc (1/2) D:10
   Lair: D:8-11

Altars:
Ashenzari
Cheibriados
Dithmenos
Elyvilon
Fedhas
Gozag
Hepliaklqana
Kikubaaqudgha
Makhleb
Nemelex Xobeh
Okawaru
Qazlal
Ru
Sif Muna
Trog
Uskayaw
Vehumet
Wu Jian
Xom
Yredelemnul
Zin
The Shining One

Shops:
D:6 (


Innate Abilities, Weirdness & Mutations

You are too large for most types of armour.
You have claws for hands.
Your metabolism is lightning-fast.
You like to eat raw meat.
Your natural rate of healing is unusually fast.
You are covered in fur. (AC +1)
You have extremely tough skin. (AC +3)


Message History

Found an ice covered gate leading back out of this place.
There is an ice choked empty arch of ancient stone here.
An ice devil comes into view. x2
The ice devil moves out of view.
Unknown command.
Unknown command.
You mangle the ice devil!!
The ice devil is almost dead.
An ice devil comes into view.
The ice devil barely misses you.
You scratch the ice devil but do no damage.
You claw the ice devil!
The ice devil is almost dead.
You barely miss the ice devil.
The ice devil is almost dead.
You barely miss the ice devil. You claw the ice devil.
You kill the ice devil!
Qazlal accepts your kill.
An ice devil comes into view.
The ice devil completely misses you.
You completely miss the ice devil. The ice devil barely misses you.
You claw the ice devil!
The ice devil is moderately wounded.
You claw the ice devil!
The ice devil is severely wounded.
The ice devil hits you but does no damage.
Some of the chunks of flesh in your inventory have rotted away.
You claw the ice devil!
The ice devil is almost dead.
The ice devil closely misses you.
You barely miss the ice devil. Your claw misses the ice devil.
The ice devil is almost dead.
The ice devil closely misses you. The ice devil barely misses you.
You claw the ice devil!
You kill the ice devil!
Qazlal accepts your kill. You block the ice devil's attack.
Health restored: 105 You claw the ice devil!
The ice devil is moderately wounded.
The ice devil hits you! The ice devil freezes you!!
You block the ice devil's attack.
You take 23 damage, and have 82/105 hp.
MASSIVE DAMAGE!!
You now have 14/17 mp.
You closely miss the ice devil. You claw the ice devil.
The ice devil is moderately wounded.
The ice devil completely misses you. The ice devil barely misses you.
You closely miss the ice devil.
The ice devil is moderately wounded.
You scratch the ice devil.
The ice devil is heavily wounded.
You block the ice devil's attack. The ice devil hits you.
The ice devil freezes you!
You take 12 damage, and have 71/105 hp.
You now have 13/17 mp.
You are too injured to fight recklessly!
You are too injured to fight recklessly!
You are too injured to fight recklessly!
You are too injured to fight recklessly!
You completely miss the ice devil.
The ice devil is heavily wounded.
The ice devil closely misses you. The ice devil hits you.
The ice devil freezes you!!
You take 19 damage, and have 52/105 hp.
You now have 9/17 mp.
You scratch the ice devil but do no damage.
The ice devil is heavily wounded.
The ice devil hits you but does no damage.
The ice devil hits you. The ice devil freezes you!
You take 13 damage, and have 39/105 hp.
You now have 6/17 mp.
You closely miss the ice devil.
The ice devil is heavily wounded.
The ice devil hits you but does no damage. x2
You claw the ice devil!
The ice devil is almost dead.
You scratch the ice devil.
The ice devil is almost dead.
The ice devil hits you but does no damage.
The ice devil hits you. The ice devil freezes you!
Some of the chunks of flesh in your inventory have rotted away.
You take 8 damage, and have 32/105 hp.
You now have 4/17 mp.
You barely miss the ice devil.
The ice devil is almost dead.
The ice devil barely misses you. The ice devil hits you.
* * * LOW HITPOINT WARNING * * *
The ice devil freezes you!
* * * LOW HITPOINT WARNING * * *
You take 17 damage, and have 15/105 hp.
You now have 2/17 mp.
You don't have enough magic at the moment.
Unknown command.
Unknown command.
You barely miss the ice devil.
The ice devil is almost dead.
You block the ice devil's attack.
The ice devil hits you but does no damage.
Unknown command.
Unknown command.
You feel yourself speed up. The ice devil hits you!
* * * LOW HITPOINT WARNING * * *
The ice devil freezes you!
* * * LOW HITPOINT WARNING * * *
The ice devil hits you.
You die...

.. ... #### ...#
##..## ....##
###@°..##
......##.44☼°..#
...........∩°..#
...............#
...##..##....##
######..## ####


You could see 2 ice devils.

Vanquished Creatures
  Erica (D:10)
  3 skeletal warriors (D:10)
  An ugly thing (D:11)
  Maurice (Orc:1)
  A centaur skeleton (D:10)
  2 ice devils (IceCv)
  A troll (D:10)
  Prince Ribbit (D:5)
  4 hippogriffs
  A spriggan (D:8)
  A vampire (D:10)
  A shadow (D:10)
  4 yaks (D:11)
  4 wargs (Orc:1)
  2 water moccasins
  A hornet zombie (D:7)
  7 orc warriors
  A necrophage (D:6)
  4 sky beasts
  3 ice beasts
  4 phantoms
  5 ogres
  8 wolves
  6 centaurs
  A crocodile (D:8)
  5 bullfrogs
  A gnoll sergeant (D:9)
  2 wyvern skeletons
  5 scorpions
  A bullfrog zombie (D:7)
  3 crimson imps
  2 jellies
  2 centaur zombies
  4 hounds
  A gnoll shaman (D:6)
  8 orc priests
  A bullfrog skeleton (D:5)
  10 orc wizards
  4 iguanas
  Natasha (D:2)
  Terence (D:2)
  8 worker ants
  A hound skeleton (D:9)
  Robin (D:3)
  A worker ant zombie (D:8)
  9 adders
  15 gnolls
  3 shadow imps
  An ooze (D:2)
  2 adder skeletons
  4 worms
  2 dart slugs (D:1)
  4 leopard geckos
  60 orcs
  4 giant cockroaches
  12 hobgoblins
  3 jackals (D:9)
  11 kobolds
  3 quokkas
  2 ball pythons
  7 bats
  8 frilled lizards
  17 goblins
  A jackal zombie (D:6)
  A leopard gecko skeleton (D:4)
  5 rats
304 creatures vanquished.

Vanquished Creatures (others)
  A bullfrog (D:11)
  2 orcs (D:11)
  A kobold (D:11)
4 creatures vanquished.

Grand Total: 308 creatures vanquished

Notes
Turn   | Place    | Note
-------+----------+-------------------------------------------
     0 | D:1      | Mgcat the Troll Monk began the quest for the Orb.
     0 | D:1      | Reached XP level 1. HP: 22/22 MP: 0/0
   235 | D:1      | Reached XP level 2. HP: 29/29 MP: 1/1
   834 | D:2      | Reached XP level 3. HP: 35/36 MP: 2/2
  1036 | D:2      | Noticed Natasha
  1086 | D:2      | Noticed Terence
  1095 | D:2      | Killed Terence
  1095 | D:2      | Reached skill level 3 in Fighting
  1095 | D:2      | Reached skill level 3 in Dodging
  1095 | D:2      | Reached XP level 4. HP: 42/45 MP: 3/3
  1171 | D:2      | Killed Natasha
  1189 | D:2      | Reached skill level 4 in Unarmed Combat
  1503 | D:3      | Noticed Robin
  1524 | D:3      | Killed Robin
  1524 | D:3      | Reached XP level 5. HP: 52/53 MP: 2/4
  2102 | D:4      | Reached XP level 6. HP: 62/62 MP: 3/5
  2121 | D:4      | Got a fine lapis lazuli ring
  2122 | D:4      | Identified the ring of Kuwusypt {rN+ Str+4 Dex+5} (You
                  | found it on level 4 of the Dungeon)
  2265 | D:4      | Noticed an ice beast
  2277 | D:4      | Killed an ice beast
  2277 | D:4      | Reached skill level 4 in Fighting
  2277 | D:4      | Reached skill level 4 in Dodging
  2277 | D:4      | Reached skill level 5 in Unarmed Combat
  2292 | D:4      | Reached XP level 7. HP: 31/70 MP: 3/6
  2812 | D:5      | Entered Level 5 of the Dungeon
  3048 | D:5      | Found a deep blue altar of Sif Muna.
  3079 | D:5      | Noticed Prince Ribbit
  3094 | D:6      | Reached skill level 5 in Fighting
  3094 | D:6      | Reached skill level 5 in Dodging
  3094 | D:6      | Reached skill level 6 in Unarmed Combat
  3101 | D:6      | Reached XP level 8. HP: 34/80 MP: 2/7
  3257 | D:6      | Reached skill level 7 in Unarmed Combat
  3316 | D:6      | Found a blossoming altar of Fedhas.
  3421 | D:6      | Reached skill level 8 in Unarmed Combat
  3580 | D:6      | Found Muemm's Antique Weapon Shoppe.
  3681 | D:6      | Reached skill level 9 in Unarmed Combat
  4125 | D:5      | Killed Prince Ribbit
  4125 | D:5      | Reached XP level 9. HP: 74/88 MP: 6/8
  4225 | D:5      | You fall through a shaft!
  4563 | D:7      | Reached skill level 10 in Unarmed Combat
  4996 | D:7      | Found a staircase to the Ecumenical Temple.
  5006 | Temple   | Entered the Ecumenical Temple
  5043 | Temple   | Became a worshipper of Qazlal Stormbringer
  5043 | Temple   | Reached * piety under Qazlal
  5043 | Temple   | Reached ** piety under Qazlal
  5602 | D:8      | Reached skill level 1 in Invocations
  5652 | D:8      | Found a sacrificial altar of Ru.
  5676 | D:8      | Reached skill level 2 in Invocations
  5850 | D:8      | Reached skill level 3 in Invocations
  5902 | D:8      | Reached skill level 11 in Unarmed Combat
  6187 | D:8      | Reached skill level 4 in Invocations
  6466 | D:9      | Found a shattered altar of Ashenzari.
  6673 | D:9      | Reached XP level 10. HP: 91/96 MP: 10/12
  6696 | D:9      | Reached *** piety under Qazlal
  6747 | D:9      | Found a sparkling altar of Nemelex Xobeh.
  7019 | D:10     | Entered Level 10 of the Dungeon
  7036 | D:10     | Reached skill level 5 in Invocations
  7059 | D:10     | HP: 22/96 [orc warrior/+1 battleaxe of electrocution (23)]
  7059 | D:10     | HP: 8/96 [orc warrior/+1 battleaxe of electrocution (14)]
  7059 | D:10     | HP: 2/96 [orc/+0 trident (6)]
  7089 | D:10     | HP: 18/96 [orc warrior/+1 battleaxe of electrocution (4)]
  7089 | D:10     | HP: 8/96 [orc warrior/+1 battleaxe of electrocution (10)]
  7294 | D:10     | Found a staircase to the Orcish Mines.
  7296 | D:10     | Reached skill level 12 in Unarmed Combat
  7346 | D:10     | Reached **** piety under Qazlal
  7436 | D:10     | Reached skill level 6 in Invocations
  7543 | D:10     | Reached skill level 7 in Invocations
  8296 | D:11     | Noticed a green ugly thing
  8304 | D:11     | Noticed a skeletal warrior
  8304 | D:11     | Noticed a skeletal warrior
  8305 | D:11     | Noticed a skeletal warrior
  8308 | D:11     | Noticed a skeletal warrior
  8309 | D:11     | Killed a green ugly thing
  8309 | D:11     | Reached skill level 8 in Invocations
  8311 | D:11     | Noticed a cyclops
  8318 | D:11     | Noticed a skeletal warrior
  8323 | D:10     | Killed a skeletal warrior
  8433 | D:11     | Reached XP level 11. HP: 102/102 MP: 16/16
  8436 | D:11     | Reached skill level 9 in Invocations
  8460 | D:11     | Noticed Erica
  8492 | D:10     | Killed Erica
  8689 | D:10     | Killed a skeletal warrior
  8689 | D:10     | Reached skill level 10 in Invocations
  8750 | D:10     | Killed a skeletal warrior
  8750 | D:10     | Reached skill level 1 in Armour
  9037 | Orc:1    | Entered Level 1 of the Orcish Mines
  9113 | Orc:1    | Noticed Maurice
  9146 | Orc:1    | HP: 21/104 [Maurice/+0 trident (12)]
  9154 | Orc:1    | HP: 24/104 [orc/+0 trident (1)]
  9266 | Orc:1    | Killed Maurice
  9266 | Orc:1    | Reached skill level 2 in Armour
  9318 | Orc:1    | Found a frozen archway.
  9333 | IceCv    | Entered an ice cave
  9366 | IceCv    | HP: 15/105 [ice devil (14)]
  9368 | IceCv    | HP: 4/105 [ice devil (7)]
  9368 | IceCv    | Slain by an ice devil

Vault maps used:
D:1:      matt_arrival_diagonals, grunt_decor_mini_mirrors
D:2:      uniq_terence, uniq_natasha
D:3:      first_ration, hangedman_decor_peaks_small, skrybe_limestone_x,
          minmay_misc_feat_nine_boxes, dk_vineyard_3, minmay_misc_feat_chi,
          uniq_robin
D:4:      kennysheep_another_room, st_stairs_11, minmay_misc_feat_columns,
          minivault_24
D:5:      basic_altar, item_on_display_b, uniq_prince_ribbit1
D:6:      serial_shops, nicolae_shop_behind_doors, basic_altar,
          serial_park_tiny_2
D:7:      minmay_temple_entry_stoned_glass
D:8:      nicolae_ru_sacrificial_ziggurat, the_bakery, hex_medium
D:9:      basic_altar, nicolae_ashenzari_panopticon
D:10:     hiddenorc2_lemuel
D:11:     erik_lair_island, trog_wizard, uniq_erica
Temple:   nicolae_temple_the_god_donut
Orc:1:    portal_ice_cave_entry_pillars_1, mines5_lemuel, uniq_maurice,
          uniq_snorg
IceCv:    ice_cave_tombish

Skill      XL: |  1  2  3  4  5  6  7  8  9 10 11 |
---------------+----------------------------------+-----
Fighting       | 3 4 5 |  5.6
Dodging        | 3 4 5 |  5.7
Unarmed Combat | 4 5 6 9 11 12 | 12.3
Invocations    | 4 8 10 | 10.2
Armour         | 2 |  2.2
Stealth        | |  1.0

Action                   |  1- 3 |  4- 6 |  7- 9 | 10-12 || total
-------------------------+-------+-------+-------+-------++-------
Melee: Unarmed           |    93 |   170 |   245 |   340 ||   848
       Punch             |     3 |     2 |    16 |    28 ||    49
Invok: Upheaval          |       |       |       |     4 ||     4
       Elemental Force   |       |       |       |     1 ||     1
Evoke: Wand              |       |       |       |     6 ||     6
  Use: Scroll            |       |     4 |     8 |     4 ||    16
       Potion            |       |       |       |     1 ||     1
 Stab: Sleeping          |     5 |     3 |     3 |       ||    11
       Paralysed         |       |       |       |     1 ||     1
  Eat: Chunk             |    15 |    12 |    39 |    25 ||    91
Armor: Robe              |    21 |    47 |    52 |   116 ||   236
Dodge: Dodged            |    45 |    95 |   101 |   202 ||   443
       Deflected         |       |       |       |     3 ||     3
Block: Other             |       |       |    10 |    74 ||    84

Table legend:
 A = Non-vault XP
 B = Vault XP
 C = Vault XP percentage of total XP
 D = Non-vault monster count
 E = Vault monster count
 F = Vault count percentage of total count
                 A         B        C        D         E       F
            +---------+---------+-------+---------+---------+-------
      Total |   13294 |    4932 |  27.1 |     234 |      70 |  23.0
            +---------+---------+-------+---------+---------+-------
        D:1 |      38 |       0 |   0.0 |      23 |       0 |   0.0
        D:2 |      65 |      72 |  52.6 |      19 |       2 |   9.5
        D:3 |     119 |      37 |  23.7 |      25 |      13 |  34.2
        D:4 |     428 |     117 |  21.5 |      20 |       3 |  13.0
        D:5 |     612 |     274 |  30.9 |      10 |       1 |   9.1
        D:6 |    1301 |       0 |   0.0 |      34 |       0 |   0.0
        D:7 |     534 |       0 |   0.0 |      11 |       0 |   0.0
        D:8 |    1277 |     224 |  14.9 |      20 |       1 |   4.8
        D:9 |    1129 |       3 |   0.3 |      22 |       1 |   4.3
       D:10 |    5075 |    1515 |  23.0 |      25 |      33 |  56.9
       D:11 |    2404 |     351 |  12.7 |      13 |       3 |  18.8
      Orc:1 |     312 |    1677 |  84.3 |      12 |      11 |  47.8
      IceCv |       0 |     662 | 100.0 |       0 |       2 | 100.0
            +---------+---------+-------+---------+---------+-------

Vault maps used:
D:1:      matt_arrival_diagonals, grunt_decor_mini_mirrors
D:2:      uniq_terence, uniq_natasha
D:3:      first_ration, hangedman_decor_peaks_small, skrybe_limestone_x,
          minmay_misc_feat_nine_boxes, dk_vineyard_3, minmay_misc_feat_chi,
          uniq_robin
D:4:      kennysheep_another_room, st_stairs_11, minmay_misc_feat_columns,
          minivault_24
D:5:      basic_altar, item_on_display_b, uniq_prince_ribbit1
D:6:      serial_shops, nicolae_shop_behind_doors, basic_altar,
          serial_park_tiny_2
D:7:      minmay_temple_entry_stoned_glass
D:8:      nicolae_ru_sacrificial_ziggurat, the_bakery, hex_medium
D:9:      basic_altar, nicolae_ashenzari_panopticon
D:10:     hiddenorc2_lemuel
D:11:     erik_lair_island, trog_wizard, uniq_erica
Temple:   nicolae_temple_the_god_donut
Orc:1:    portal_ice_cave_entry_pillars_1, mines5_lemuel, uniq_maurice,
          uniq_snorg
IceCv:    ice_cave_tombish

Table legend:
 A = Turns spent in this place as a percentage of turns spent in the entire game.
 B = Non-inter-level travel turns spent in this place as a percentage of non-inter-level travel turns spent in the entire game.
 C = Inter-level travel turns spent in this place as a percentage of turns spent in this place.
 D = Turns resting spent in this place as a percentage of non-inter-level travel turns spent in this place.
 E = Turns spent auto-exploring this place as a percentage of non-inter-level travel turns spent in this place.
 F = Non-inter-level travel turns spent in this place divided by the number of levels of this place that you've seen.
                   A       B       C       D       E      F
               +-------+-------+-------+-------+-------+----------------------
         Total | 100.0 | 100.0 |   5.4 |   9.9 |  68.4 | 632.9
       Dungeon |  96.8 |  96.8 |   5.5 |  10.1 |  69.4 | 779.6
        Temple |   0.5 |   0.4 |  23.5 |   0.0 |  76.9 |  39.0
  Orcish Mines |   2.3 |   2.4 |   0.5 |   6.2 |  35.7 | 210.0
      Ice Cave |   0.4 |   0.4 |   0.0 |   0.0 |  11.4 |  35.0
               +-------+-------+-------+-------+-------+----------------------

Table legend:
 A = Kills in this place as a percentage of kills in entire the game.
 B = Kills by you in this place as a percentage of kills by you in the entire game.
 C = Kills by friends in this place as a percentage of kills by friends in the entire game.
 D = Other kills in this place as a percentage of other kills in the entire game.
 E = Experience gained in this place as a percentage of experience gained in the entire game.
 F = Experience gained in this place divided by the number of levels of this place that you have seen.
                   A       B       C       D       E      F
               +-------+-------+-------+-------+-------+----------------------
         Total | 100.0 | 100.0 |   N/A |   N/A | 100.0 | 1301.9
       Dungeon |  91.8 |  91.8 |   N/A |   N/A |  85.5 | 1415.9
  Orcish Mines |   7.6 |   7.6 |   N/A |   N/A |  10.9 | 1989.0
      Ice Cave |   0.7 |   0.7 |   N/A |   N/A |   3.6 | 662.0
               +-------+-------+-------+-------+-------+----------------------
